 Dungeon Sprint DCSS version 0.21-a0-251-g5e8393f (webtiles) character file.

2002 Kidiri the Thaumaturge (level 9, -55/53 HPs)
             Began as a Deep Elf Fire Elementalist on Sept 5, 2017.
             Was a Priest of Vehumet.
             Killed from afar by Erolcha (58 damage)
             ... with a crystal spear
             ... in the Dungeon (Sprint III: "The Ten Rune Challenge").
             The game lasted 00:06:59 (1159 turns).

Kidiri the Thaumaturge (Deep Elf Fire Elementalist) Turns: 1159, Time: 00:06:59

Health: -55/53     AC:  2    Str:  5    XL:     9   Next: 2%
Magic:  11/29      EV: 17    Int: 26    God:    Vehumet [***...]
Gold:   38         SH:  0    Dex: 15    Spells: 16/37 levels left

rFire    . . .     SeeInvis +   t - +0 dagger
rCold    . . .     Gourm    .   (no shield)
rNeg     . . .     Faith    .   a - +0 robe
rPois    .         Spirit   .   (no helmet)
rElec    .         Reflect  .   (no cloak)
rCorr    .         Harm     .   (no gloves)
MR       .....     NoTele   +   (no boots)
Stlth    ++........             (no amulet)
HPRegen  0.17/turn              (no ring)
MPRegen  0.21/turn              (no ring)

@: slowed, very slow
A: see invisible, clever 1, sense surroundings 1, screaming 1
a: Renounce Religion


You were in the Dungeon.
You worshipped Vehumet.
Vehumet was most pleased with you.
You were not hungry.

You visited 1 branch You collected 38 gold pieces.

Inventory:

Hand Weapons
 t - a +0 dagger (weapon)
Armour
 a - a +0 robe (worn)
Scrolls
 i - a scroll of blinking
 m - a scroll of immolation {unknown}
 n - a scroll of identify {unknown}
 o - 4 scrolls of remove curse
 q - a scroll of torment {unknown}
Potions
 d - 2 potions of curing
 f - 2 potions of haste
 g - 2 potions of magic
 h - a potion of berserk rage
 j - 3 potions of flight {unknown}
 r - a potion of invisibility {unknown}
 u - a potion of might
Comestibles
 b - 2 chunks of flesh
 c - a bread ration
 k - a royal jelly
 p - 4 fruits


   Skills:
 + Level 4.9 Fighting
 + Level 5.8 Short Blades
 + Level 4.9 Armour
 + Level 7.6 Dodging
 - Level 2.4 Stealth
 * Level 14.6 Spellcasting
 + Level 8.9 Conjurations
 + Level 9.7 Fire Magic
 + Level 1.4 Poison Magic


You had 16 spell levels left.
You knew the following spells:

 Your Spells              Type           Power        Failure   Level  Hunger
a - Flame Tongue          Conj/Fire      #####        1%          1    None
b - Throw Flame           Conj/Fire      ######       1%          2    None
c - Conjure Flame         Conj/Fire      ######..     1%          3    None
d - Inner Flame           Hex/Fire       #####...     1%          3    None
e - Ignite Poison         Fire/Tmut/Pois #####...     1%          3    None
f - Sticky Flame          Conj/Fire      ######..     1%          4    None
g - Fireball              Conj/Fire      ######....   1%          5    #......


Dungeon Overview and Level Annotations

Branches:
Dungeon (1/1)

Altars:
Cheibriados
Dithmenos
Elyvilon
Fedhas
Gozag
Hepliaklqana
Kikubaaqudgha
Makhleb
Nemelex Xobeh
Okawaru
Qazlal
Ru
Sif Muna
Trog
Uskayaw
Vehumet
Wu Jian
Xom
Yredelemnul
Zin
The Shining One
Beogh
Jiyva
Lugonu

Annotations:
D Erolcha


Innate Abilities, Weirdness & Mutations

You have supernaturally acute eyesight. (SInv)
Your mind is acute. (Int +2)
You passively map a small area around you.
You occasionally shout uncontrollably at your foes.


Message History

Aiming: Sticky Flame
Press: ? - help, Shift-Dir - straight line, f/p - Erolcha
Aim: Erolcha, wielding a giant spiked club and wearing a robe (heavily wounded, fast)
The sticky flame hits Erolcha.
Erolcha is heavily wounded.
Erolcha is covered in liquid flames!
Erolcha burns! x2
Erolcha barely misses you.
Erolcha hits you with a giant spiked club!!
* * * LOW HITPOINT WARNING * * *
Unknown command.
You feel much better.
Erolcha burns!
Erolcha casts a spell at you. The bolt of cold hits you!
Ouch! That really hurt!
* * * LOW HITPOINT WARNING * * *
Erolcha screams, "DIE!"
Erolcha gestures at you while chanting. The crystal spear hits you!
Ouch! That really hurt!
You die...

___#__#, , , __:#%_# ,
* +###+## , ,* ,*, ≈
......#,, , ......#, ,
*,*,+ , #####+#, , *
** * * *
__#...#+##############
*
__#...#....#.#.#.O.).#
, ,
__#...##.#).#.##@###.#
__#...'##)#)#.##.#..##
__+...#...#..#..##.O+
, *,
▓▓▓▓▓▓▓▓▓▓▓▓▓▓▓▓▓▓▓▓ ,
, * ≈ , ≈ , , + ≈ ≈ ≈
* , , ** * * * * , ,
,, * * * * * ≈≈


You could see Erolcha (burning).

Vanquished Creatures
  A deep elf mage (D)
  A shadow (D)
  A spatial vortex (D)
  A necrophage (D)
  5 two-headed ogres (D)
  A water elemental (D)
  A scorpion (D)
  A jelly (D)
  A wizard (D)
  A necromancer (D)
  A kobold demonologist (D)
  3 humans (D)
  2 oozes (D)
  2 rats (D)
22 creatures vanquished.

Vanquished Creatures (others)
  2 draconian scorchers (D)
  6 hellions (D)
  2 yaktaurs (D)
10 creatures vanquished.

Grand Total: 32 creatures vanquished

Notes
Turn   | Place    | Note
-------+----------+-------------------------------------------
     0 | D        | Kidiri the Deep Elf Fire Elementalist began the quest for the Orb.
     0 | D        | Reached XP level 1. HP: 10/10 MP: 6/6
     6 | D        | Reached skill level 4 in Spellcasting
    13 | D        | Reached XP level 2. HP: 9/15 MP: 0/9
   100 | D        | Killed a hellion
   100 | D        | Killed a hellion
   101 | D        | Killed a hellion
   111 | D        | Killed a yaktaur
   114 | D        | Killed a hellion
   117 | D        | Killed a hellion
   121 | D        | Learned a level 2 spell: Throw Flame
   151 | D        | Noticed a scorpion
   156 | D        | Killed a hellion
   161 | D        | Killed a scorpion
   161 | D        | Reached skill level 7 in Spellcasting
   161 | D        | Reached skill level 5 in Fire Magic
   161 | D        | Reached XP level 3. HP: 18/19 MP: 3/13
   166 | D        | Learned a level 3 spell: Conjure Flame
   170 | D        | Learned a level 3 spell: Inner Flame
   174 | D        | Killed a white draconian scorcher
   181 | D        | Killed a white draconian scorcher
   188 | D        | Gained mutation: Your muscles are strong. (Str +2) [potion of mutation]
   188 | D        | Gained mutation: Your flesh is heat resistant. (rF+) [potion of mutation]
   189 | D        | Lost mutation: Your muscles are strong. (Str +2) [potion of mutation]
   189 | D        | Lost mutation: Your flesh is heat resistant. (rF+) [potion of mutation]
   189 | D        | Gained mutation: Your body sometimes deteriorates upon taking damage. [potion of mutation]
   189 | D        | Gained mutation: You are agile. (Dex +2) [potion of mutation]
   189 | D        | Gained mutation: Your muscles are strong. (Str +2) [potion of mutation]
   190 | D        | Lost mutation: Your body sometimes deteriorates upon taking damage. [potion of mutation]
   190 | D        | Lost mutation: Your muscles are strong. (Str +2) [potion of mutation]
   190 | D        | Gained mutation: You do not regenerate when monsters are visible. [potion of mutation]
   190 | D        | Gained mutation: Your mind is acute. (Int +2) [potion of mutation]
   190 | D        | Gained mutation: Your spells are a little harder to cast, but a little more powerful. [potion of mutation]
   191 | D        | Lost mutation: You do not regenerate when monsters are visible. [potion of mutation]
   191 | D        | Lost mutation: You are agile. (Dex +2) [potion of mutation]
   191 | D        | Lost mutation: Your spells are a little harder to cast, but a little more powerful. [potion of mutation]
   191 | D        | Gained mutation: You passively map a small area around you. [potion of mutation]
   191 | D        | Gained mutation: You occasionally shout uncontrollably at your foes. [potion of mutation]
   191 | D        | Gained mutation: You have supernaturally acute eyesight. (SInv) [potion of mutation]
   239 | D        | Killed a yaktaur
   241 | D        | Reached skill level 8 in Spellcasting
   241 | D        | Reached XP level 4. HP: 24/24 MP: 8/16
   285 | D        | Learned a level 4 spell: Sticky Flame
   285 | D        | Noticed a water elemental
   290 | D        | Killed a water elemental
   290 | D        | Reached skill level 9 in Spellcasting
   290 | D        | Reached skill level 5 in Conjurations
   290 | D        | Reached XP level 5. HP: 20/28 MP: 7/19
   299 | D        | Learned a level 5 spell: Fireball
   381 | D        | Found a radiant altar of Vehumet.
   382 | D        | Found a deep blue altar of Sif Muna.
   382 | D        | Found an ancient bone altar of Kikubaaqudgha.
   384 | D        | Reached skill level 10 in Spellcasting
   400 | D        | Became a worshipper of Vehumet
   455 | D        | Found a glowing silver altar of Zin.
   456 | D        | Found a glowing golden altar of the Shining One.
   456 | D        | Found a white marble altar of Elyvilon.
   456 | D        | Noticed a deep elf mage
   465 | D        | Killed a deep elf mage
   465 | D        | Reached skill level 5 in Dodging
   465 | D        | Reached skill level 12 in Spellcasting
   465 | D        | Reached XP level 6. HP: 21/36 MP: 12/23
   465 | D        | Reached XP level 7. HP: 24/40 MP: 12/24
   589 | D        | Found an ornate altar of the Wu Jian Council.
   589 | D        | Found a roughly hewn altar of Beogh.
   589 | D        | Found an iron altar of Okawaru.
   589 | D        | Found a bloodstained altar of Trog.
   589 | D        | Found a hide-covered altar of Uskayaw.
   589 | D        | Noticed a human
   591 | D        | Noticed a human
   595 | D        | Killed a human
   598 | D        | Killed a human
   598 | D        | Reached * piety under Vehumet
   598 | D        | Offered knowledge of Freeze by Vehumet.
   598 | D        | Reached skill level 13 in Spellcasting
   710 | D        | Found a basalt altar of Yredelemnul.
   710 | D        | Found a shadowy altar of Dithmenos.
   710 | D        | Found a sacrificial altar of Ru.
   797 | D        | Noticed a shadow
   801 | D        | Killed a shadow
   801 | D        | Reached ** piety under Vehumet
   801 | D        | Offered knowledge of Magic Dart by Vehumet.
   801 | D        | Reached XP level 8. HP: 48/48 MP: 17/27
   862 | D        | Found a blossoming altar of Fedhas.
   862 | D        | Found a stormy altar of Qazlal.
   863 | D        | Found a snail-covered altar of Cheibriados.
   863 | D        | Found a burning altar of Makhleb.
   863 | D        | Found a hazy altar of Hepliaklqana.
   863 | D        | Found a shimmering altar of Xom.
   863 | D        | Found an opulent altar of Gozag.
   863 | D        | Found a sparkling altar of Nemelex Xobeh.
   863 | D        | Found a corrupted altar of Lugonu.
   863 | D        | Found a viscous altar of Jiyva.
   973 | D        | Reached skill level 5 in Short Blades
   973 | D        | Reached *** piety under Vehumet
   976 | D        | Reached skill level 14 in Spellcasting
  1063 | D        | Noticed a two-headed ogre
  1077 | D        | Killed a two-headed ogre
  1077 | D        | Offered knowledge of Ignite Poison by Vehumet.
  1082 | D        | Learned a level 3 spell: Ignite Poison
  1147 | D        | Noticed a two-headed ogre
  1147 | D        | Noticed Erolcha
  1156 | D        | Killed a two-headed ogre
  1156 | D        | Offered knowledge of Mephitic Cloud by Vehumet.
  1156 | D        | Reached skill level 1 in Poison Magic
  1156 | D        | Reached XP level 9. HP: 25/53 MP: 14/29
  1159 | D        | Killed from afar by Erolcha

Vault maps used:
D:        dungeon_sprint_mu

Skill      XL: |  1  2  3  4  5  6  7  8 |
---------------+-------------------------+-----
Spellcasting   | 4 7 8 9 12 13 14 | 14.6
Conjurations   | 2 4 5 7 8 |  8.9
Fire Magic     | 4 5 6 8 9 |  9.7
Fighting       | 2 3 4 |  4.9
Short Blades   | 3 4 5 |  5.8
Armour         | 2 3 4 |  4.9
Dodging        | 5 6 7 |  7.6
Poison Magic   | 1 |  1.4
Stealth        | |  2.4

Action                   |  1- 3 |  4- 6 |  7- 9 || total
-------------------------+-------+-------+-------++-------
Melee: Short sword       |       |     1 |       ||     1
 Cast: Flame Tongue      |    16 |     6 |    55 ||    77
       Throw Flame       |     1 |       |       ||     1
       Conjure Flame     |       |     1 |     6 ||     7
       Sticky Flame      |       |     2 |     6 ||     8
       Fireball          |       |     1 |     2 ||     3
       Inner Flame       |       |       |     3 ||     3
  Use: Potion            |     4 |       |     1 ||     5
 Stab: Sleeping          |       |     1 |       ||     1
  Eat: Chunk             |       |       |     1 ||     1
Armor: Robe              |       |     1 |     1 ||     2
Dodge: Dodged            |     5 |       |    10 ||    15

Table legend:
 A = Spawn XP
 B = Non-spawn XP
 C = Spawn XP percentage of total XP
 D = Spawn monster count
 E = Non-spawn monster count
 F = Spawn count percentage of total count
 G = Total turns spent on level
                    A         B        C        D         E        F      G
               +---------+---------+-------+---------+---------+-------+---------
         Total |       0 |    2860 |   0.0 |       0 |      22 |   0.0 |  1159
               +---------+---------+-------+---------+---------+-------+---------
             D |       0 |    2860 |   0.0 |       0 |      22 |   0.0 |  1159
               +---------+---------+-------+---------+---------+-------+---------
